 Dungeon Crawl Stone Soup version 0.25.1-2-g60ff931df9 (webtiles) character file.

Game seed: 10422939751523260502

44 Revguard the Sneak (level 3, 0/18 HPs)
             Began as a Vampire Assassin on Sept 24, 2020.
             Slain by a goblin
             ... wielding a cursed -2 club
             ... led by Robin
              (4 damage)
             ... on level 2 of the Dungeon.
             The game lasted 00:06:34 (1303 turns).

Revguard the Sneak (Vampire Assassin)               Turns: 1303, Time: 00:06:34

Health: 0/18       AC:  3    Str: 10    XL:     3   Next: 39%
Magic:  3/3        EV: 12    Int: 13    God:
Gold:   73         SH:  0    Dex: 16    Spells: 2/2 levels left

rFire    . . .     SeeInvis +   a - +2 dagger
rCold    + + .     Gourm    .   (no shield)
rNeg     + + +     Faith    .   b - +0 robe
rPois    ∞         Spirit   .   (no helmet)
rElec    .         Reflect  .   c - +0 cloak
rCorr    .         Harm     .   (no gloves)
MR       .....                  (no boots)
Stlth    ++++++....             (no amulet)
HPRegen  0.00/turn              (no ring)
MPRegen  0.08/turn              (no ring)

@: flying, bloodless
A: no food, fangs 3, see invisible, [frail 1], unbreathing
a: Bat Form, Revivify


You were on level 2 of the Dungeon.
You were bloodless.

You visited 1 branch of the dungeon, and saw 2 of its levels.

You collected 73 gold pieces.

Inventory:

Hand Weapons
 a - a +2 dagger (weapon)
Missiles
 d - 16 poisoned darts (quivered)
Armour
 b - a +0 robe (worn)
 c - a +0 cloak (worn)
Scrolls
 f - 2 scrolls of remove curse {unknown}
 g - 2 scrolls of identify {unknown}
 i - a scroll of immolation {unknown}


   Skills:
 + Level 2.0 Fighting
 + Level 2.6 Short Blades
 + Level 1.6 Throwing
 + Level 1.3 Dodging
 + Level 7.1 Stealth
 * Level 0.3 Spellcasting


You had 2 spell levels left.
You didn't know any spells.
Your spell library was empty.

Dungeon Overview and Level Annotations

Branches:
Dungeon (2/15)

Altars:

Annotations:
D:2 Robin


Innate Abilities, Weirdness & Mutations

You do not eat.
You do not regenerate when monsters are visible.
You are frail without blood (-20% HP).
You can heal yourself when you bite living creatures.
You are immune to poison.
You have razor-sharp teeth.
You have supernaturally acute eyesight. (SInv)
You can survive without breathing.
[You are frail. (-10% HP)]


Message History

The poisoned dart hits the goblin.
The goblin no longer looks unusually strong. x2
The goblin hits you with a cursed -1 dagger.
* * * LOW HITPOINT WARNING * * *
The goblin hits you but does no damage.
Okay, then.
It was a potion of flight.
You feel very buoyant.
You fly up into the air.
The goblin hits you but does no damage. The goblin misses you.
You closely miss the goblin. The goblin completely misses you.
You closely miss the goblin.
The goblin no longer looks unusually strong.
The goblin closely misses you.
The goblin hits you with a cursed -1 dagger.
* * * LOW HITPOINT WARNING * * *
You hit the goblin.
The goblin is moderately wounded.
The goblin hits you with a cursed -2 club.
You die...

### #<# #####.##### #+#
#@g.......# ### #.#
#g###.###.#####.## #.# #g#
#............. #.#
#g#####.#..##.#.##
.######.#######g......#.........
...............g.............>#.
...............(.######.#.#.#.#.
.######.##.......## #.#.#.#.#.
.......###...#####.......#.


You could see Robin and 5 goblins.

Vanquished Creatures
  An adder (D:2)
  A leopard gecko (D:2)
  7 bats
  4 goblins
  6 hobgoblins
  5 jackals (D:1)
  2 kobolds
  5 rats (D:1)
31 creatures vanquished.

Notes
Turn   | Place    | Note
-------+----------+-------------------------------------------
     0 | D:1      | Revguard the Vampire Assassin began the quest for the Orb.
     0 | D:1      | Reached XP level 1. HP: 16/16 MP: 1/1
    26 | D:1      | Reached skill level 6 in Stealth
   131 | D:1      | Reached XP level 2. HP: 19/19 MP: 2/2
  1175 | D:2      | Reached XP level 3. HP: 18/18 MP: 3/3
  1277 | D:2      | Reached skill level 7 in Stealth
  1278 | D:2      | Noticed Robin
  1303 | D:2      | Slain by a goblin

Illustrated notes

Levels and vault maps discovered:
D:1:      erik_arrival_cave_to_civilisation [erik_arrival_cave_to_hall],
          layout_loops_corners
D:2:      kennysheep_six_static_rooms, layout_basic, kennysheep_donut,
          uniq_robin, uniq_sigmund

Skill      XL: |  1  2  3 |
---------------+----------+-----
Stealth        | 6 7 |  7.1
Fighting       | 2 |  2.0
Short Blades   | |  2.6
Throwing       | |  1.6
Dodging        | |  1.3
Spellcasting   | |  0.3

Action                   || total
-------------------------++-------
Melee: Dagger            ||    67
       Bite              ||     7
Throw: Dart              ||     6
 Abil: Exsanguinate      ||     2
       Revivify          ||     1
  Use: Potion            ||     1
 Stab: Sleeping          ||    13
Armor: Robe              ||    10
Dodge: Dodged            ||    44
